 Dungeon Crawl Stone Soup version 0.19.1 (webtiles) character file.

79 sveltemanboy the Conjurer (level 4, -4/24 HPs)
             Began as a Tengu Conjurer on Dec 27, 2016.
             Killed from afar by an orc wizard (6 damage)
             ... with a magic dart
             ... on level 3 of the Dungeon.
             The game lasted 00:05:34 (1949 turns).

sveltemanboy the Conjurer (Tengu Conjurer)          Turns: 1949, Time: 00:05:35

Health: -4/24      AC:  2    Str:  8    XL:     4   Next: 38%
Magic:  1/8        EV: 12    Int: 17    God:
Gold:   103        SH:  0    Dex: 14    Spells: 2 memorised, 4 levels left

rFire  . . .     SeeInvis .     k - +0 short sword
rCold  . . .     Gourm    .     a - +0 robe
rNeg   . . .     Faith    .     (no shield)
rPois  .         Spirit   .     (helmet restricted)
rElec  .         Reflect  .     (no cloak)
rCorr  .         Harm     .     (no gloves)
MR     .....                    (boots unavailable)
Stlth  +.........               (no amulet)
                                (no ring)
                                (no ring)

@: confused
A: beak, talons 3
a: no special abilities


You were on level 3 of the Dungeon.
You were not hungry.

You visited 1 branch of the dungeon, and saw 3 of its levels.

You collected 103 gold pieces.

Inventory:

Hand Weapons
 k - a +0 short sword (weapon)
Armour
 a - a +0 robe (worn)
Scrolls
 j - a scroll of identify {unknown}
 l - a scroll of enchant weapon {unknown}
 m - a scroll of magic mapping {unknown}
 n - a scroll of noise {unknown}
 q - a scroll of amnesia {unknown}
Potions
 d - 2 potions of flight {unknown}
 e - a potion of might {unknown}
 f - a potion of lignification {unknown}
 g - 4 potions of curing {unknown}
 i - a potion of resistance {unknown}
Books
 b - a book of Conjurations

   Spells                             Type                      Level
   a - Magic Dart                     Conjuration                  1
   b - Searing Ray                    Conjuration                  2
   c - Dazzling Spray                 Conjuration/Hexes            3
   d - Fulminant Prism                Conjuration/Hexes            4
   e - Iskenderun's Mystic Blast      Conjuration                  4
   f - Iskenderun's Battlesphere      Conjuration/Charms           5
Comestibles
 c - 2 bread rations
 h - a meat ration
 o - 3 chunks of flesh
 p - a beef jerky


   Skills:
 - Level 2.1 Dodging
 - Level 2.0 Stealth
 - Level 2.0 Spellcasting
 + Level 7.5 Conjurations


You had 4 spell levels left.
You knew the following spells:

 Your Spells              Type           Power        Failure   Level  Hunger
a - Magic Dart            Conj           ####         1%          1    #......
b - Searing Ray           Conj           ####..       1%          2    ###....


Dungeon Overview and Level Annotations

Branches:
Dungeon (3/15)

Altars:
Nemelex Xobeh
Ru


Innate Abilities, Weirdness & Mutations

You have a beak for a mouth.
You have claws for feet.


Message History

Aim: an orc wizard, wielding a dagger and wearing a robe (almost dead)
The magic dart hits the orc wizard.
The orc wizard is almost dead.
The orc wizard gestures at you while chanting.
The magic dart hits you!
* * * LOW HITPOINT WARNING * * *
The orc wizard casts a spell at you.
You are confused.
The orc wizard gestures wildly while chanting.
The orc wizard seems to speed up.
You're too confused to cast spells.
You're too confused!
Unknown command.
You're too confused to move!
You bump into the rock wall.
The orc wizard hits you with a dagger.
* * * LOW HITPOINT WARNING * * *
Unknown command.
The orc wizard gestures at you while chanting.
The magic dart hits you!
You die...

###########
...oo)....#
#########.###########
........oooo.@....#
.######.########.##
#.#......<.#
#.#.####...#
#.#.###....#
#.#........#
#.########## #.


You could see 2 orc wizards and 2 orcs.

Vanquished Creatures
  An orc wizard (D:3)
  2 oozes
  3 dart slugs
  A leopard gecko (D:2)
  3 giant cockroaches
  3 goblins
  4 hobgoblins
  3 jackals (D:1)
  A quokka (D:2)
  2 ball pythons
  A bat (D:2)
  2 frilled lizards (D:2)
  4 kobolds (D:1)
  5 rats
35 creatures vanquished.

Notes
Turn   | Place    | Note
-------+----------+-------------------------------------------
     0 | D:1      | sveltemanboy the Tengu Conjurer began the quest for the Orb.
     0 | D:1      | Reached XP level 1. HP: 10/10 MP: 4/4
   327 | D:1      | Reached XP level 2. HP: 15/15 MP: 0/6
   390 | D:1      | Learned a level 2 spell: Searing Ray
   420 | D:1      | Reached skill level 6 in Conjurations
   789 | D:1      | Reached XP level 3. HP: 19/19 MP: 5/7
   821 | D:1      | Found a sparkling altar of Nemelex Xobeh.
  1434 | D:2      | Found a sacrificial altar of Ru.
  1640 | D:2      | Reached skill level 7 in Conjurations
  1934 | D:3      | Reached XP level 4. HP: 17/24 MP: 2/8
  1948 | D:3      | HP: 1/24 [orc wizard/dagger (4)]
  1949 | D:3      | Killed from afar by an orc wizard

Skill      XL: |  1  2  3 |
---------------+----------+-----
Conjurations   | 6 7 |  7.5
Dodging        | |  2.1
Stealth        | |  2.0
Spellcasting   | |  2.0

Action                   |  1- 3 |  4- 6 || total
-------------------------+-------+-------++-------
Melee: Unarmed           |     1 |       ||     1
       Short sword       |     7 |     3 ||    10
       Kick              |     1 |     1 ||     2
       Peck              |       |     1 ||     1
 Cast: Magic Dart        |    71 |     2 ||    73
       Searing Ray       |     1 |       ||     1
  Eat: Chunk             |     4 |       ||     4
Armor: Robe              |     3 |     1 ||     4
Dodge: Dodged            |    13 |       ||    13
